 Dungeon Crawl Stone Soup version 0.31-a0-986-g5e6e4ef867 (webtiles) character file.

Game seed: 493074728391188124

13622 Lobster4 the Skirmisher (level 11, -1/148 HPs)
             Began as a Minotaur Hunter on Nov 4, 2023.
             Was a High Priest of Fedhas.
             Slain by an orc warrior
             ... wielding a +0 glaive
              (13 damage)
             ... on level 1 of the Orcish Mines.
             The game lasted 00:42:06 (13281 turns).

Lobster4 the Skirmisher (Minotaur Hunter)          Turns: 13281, Time: 00:42:06

Health: -1/148     AC: 25    Str: 17    XL:     11   Next: 78%
Magic:  18/23      EV:  2    Int: 12    God:    Fedhas [*****.]
Gold:   911        SH:  0    Dex: 17    Spells: 14/14 levels left

rFire   . . .        b - +11 spear "Unoi" {heavy, rElec MP+9}
rCold   . . .        (no shield)
rNeg    . . .        c - melded +4 skin of Zhor {*Englaciate rC+++ SInv}
rPois   +            (helmet currently unavailable)
rElec   +            C - melded +2 cloak of Failure {Dex+3}
rCorr   .            y - melded +0 pair of gloves
SInv    .            w - melded +0 pair of boots
Will    .....        (no amulet)
Stlth   ++           o - +6 ring of intelligence
HPRegen 0.44/turn    (no ring)
MPRegen 0.18/turn

%: no passive effects
@: tree-form (expiring)
A: stationary, stasis, torment immunity, boosted hp, (horns 2), (retaliatory
headbutt)
a: Renounce Religion, Wall of Briars, Grow Ballistomycete, Overgrow, Grow Oklob


You were on level 1 of the Orcish Mines.
You worshipped Fedhas.
Fedhas was extremely pleased with you.
You were a tree.
You visited 4 branches of the dungeon, and saw 14 of its levels.
You also visited: Bailey.

You collected 911 gold pieces.

Inventory:

Hand Weapons
 a - a +1 shortbow
 b - the +11 spear "Unoi" (weapon) {heavy, rElec MP+9}
   (You found it on level 2 of the Dungeon)

   rElec:     It insulates you from electricity.
   MP+9:      It affects your magic capacity (+9).
 n - a +0 orcbow
Missiles
 k - an atropa-tipped dart
 q - 47 poisoned darts
 v - a curare-tipped dart
Armour
 c - the +4 skin of Zhor (melded) {*Englaciate rC+++ SInv}
   (You acquired it on level 6 of the Dungeon)

   *Englaciate: It radiates cold, occasionally slowing all nearby creatures who
   are not resistant to cold.
   rC+++:     It renders you almost immune to cold.
   SInv:      It lets you see invisible.
 i - a +4 ring mail
 p - +0 swamp dragon scales
 w - a +0 pair of boots (melded)
 x - +1 fire dragon scales
 y - a +0 pair of gloves (melded)
 C - the +2 cloak of Failure (melded) {Dex+3}
   (You found it in a bailey)

   Dex+3:     It affects your dexterity (+3).
Jewellery
 o - a +6 ring of intelligence (left branch)
 u - a ring of protection from cold
 E - a +6 ring of intelligence
Talismans
 h - a blade talisman
 B - a storm talisman
Wands
 G - a wand of flame (9) (quivered)
Scrolls
 f - 2 scrolls of teleportation
 m - a scroll of amnesia
 s - a scroll of silence
 D - a scroll of blinking
 F - a scroll of butterflies
Potions
 e - 5 potions of curing
 g - 2 potions of haste
 j - a potion of brilliance
 l - a potion of enlightenment
 r - 3 potions of resistance
 t - 3 potions of heal wounds
 A - a potion of cancellation


   Skills:
 + Level 9.9 Fighting
 + Level 9.5 Polearms
 + Level 9.9 Ranged Weapons
 + Level 9.1 Armour
 + Level 8.1 Dodging
 - Level 1.0 Stealth
 - Level 2.0 Spellcasting
 - Level 6.0 Invocations
 + Level 0.2 Evocations
 - Level 3.0 Shapeshifting


You had 14 spell levels left.
You didn't know any spells.
Your spell library contained the following spells:

 Spells                   Type           Power      Damage    Failure   Level
 Magic Dart               Conj           4%         1d3       26%         1
 Shock                    Conj/Air       4%         1d3       26%         1
 Call Imp                 Summ           2%         N/A       38%         2
 Ensorcelled Hibernation  Hex/Ice        2%         N/A       38%         2
 Passwall                 Tmut/Erth      0%         N/A       38%         2
 Gell's Gravitas          Tloc           1%         N/A       63%         3
 Mephitic Cloud           Conj/Pois/Air  1%         N/A       63%         3
 Swiftness                Air            1%         N/A       63%         3
 Teleport Other           Tloc           1%         N/A       63%         3
 Airstrike                Air            0%         2d(1-17)  95%         4
 Summon Ice Beast         Ice/Summ       1%         N/A       95%         4
 Summon Mana Viper        Hex/Summ       1%         N/A       100%        5
 Dispersal                Tloc           0%         N/A       100%        6
 Monstrous Menagerie      Summ           0%         N/A       100%        7


Dungeon Overview and Level Annotations

Branches:
Dungeon (11/15)            Temple (1/1) D:5            Lair (1/5) D:11
    Orc (1/2) D:11         Bailey (visited)

Altars:
Ashenzari
Cheibriados
Dithmenos
Elyvilon
Fedhas
Gozag
Hepliaklqana
Kikubaaqudgha
Makhleb
Nemelex Xobeh
Okawaru
Qazlal
Ru
Sif Muna
Trog
Uskayaw
Vehumet
Wu Jian
Xom
Yredelemnul
Zin
The Shining One

Shops:
D:2 (

Annotations:
D:10 2 runed translucent doors, 1 exclusion, LeprechaunX's ghost, journeyman OpSh


Innate Abilities, Weirdness & Mutations

You are a tree.
Your roots penetrate the ground, keeping you stationary.
You cannot be teleported.
You are immune to unholy pain and torment.
Your maximum health is greatly increased.
Your equipment is partially melded.
((You have a pair of horns on your head.))
((You reflexively headbutt those who attack you in melee.))


Message History

The orc knight hits you with a +0 battleaxe.
The orc warrior hits you from afar with a +0 glaive!!
You hit the orc knight.
The orc knight is heavily wounded.
The orc knight hits you with a +0 battleaxe!
The orc warrior hits you from afar with a +0 glaive!
The orc wizard casts a spell.
The orc wizard flickers and vanishes!
Deactivating autopickup; reactivate with Ctrl-A.
You are too injured to fight recklessly!
You are too injured to fight recklessly!
You hit the orc knight but do no damage.
The orc knight is heavily wounded.
The orc warrior hits you from afar with a +0 glaive!
You barely miss the orc knight.
The orc knight is heavily wounded.
The orc knight hits you with a +0 battleaxe!
* * * LOW HITPOINT WARNING * * *
You hit the orc knight.
The orc knight is severely wounded.
The orc warrior hits you but does no damage.
The orc knight hits you with a +0 battleaxe!
* * * LOW HITPOINT WARNING * * *
You hit the orc knight but do no damage.
The orc knight is severely wounded.
The orc warrior barely misses you.
You feel much better.
Your transformation is almost over.
The orc warrior hits you from afar with a +0 glaive!
* * * LOW HITPOINT WARNING * * *
The orc knight barely misses you.
You hit the orc knight but do no damage.
The orc knight is severely wounded.
The orc warrior hits you from afar with a +0 glaive!!
* * * LOW HITPOINT WARNING * * *
You puncture the orc knight!
The orc knight is severely wounded.
The orc warrior hits you from afar with a +0 glaive!
You die...
Fedhas appreciates your contribution to the ecosystem.

....#.. .. #...#... ##...
#.#.... #.#.. #####
#..... ...## o ....####
#....##.... ..
#.#.##.###....#... ..o
....#8....##....## h#..
....'......##...♣## o.o##
....')......#...#o#......
....'.[......####ho)..)..
....#8)(##...##....###...
#.#.##)..)...###.....
....##..)...## ###.....
######.)..### #...##
#.#).....## ...#
##)).)#...# .#..


You could see an orc knight, a warg and an orc warrior (strong).

Vanquished Creatures
  Erolcha (Orc:1)
  2 two-headed ogres
  An orc knight (Bailey)
  3 cyclopes
  A manticore (D:11)
  Maggie (D:9)
  A cane toad (Lair:1)
  An unseen horror (D:11)
  A hornet (D:10)
  A shadow (D:9)
  A wraith (D:10)
  6 wyverns
  11 yaks
  3 steam dragons (D:8)
  Menkaure (D:4)
  A warg (Orc:1)
  5 water moccasins
  An acid dragon (D:10)
  A sky beast (D:7)
  13 orc warriors
  3 ogres
  4 centaurs
  A phantom (D:5)
  6 kobold brigands
  2 bullfrogs (D:9)
  A gnoll sergeant (D:10)
  3 scorpions
  21 wights
  2 howler monkeys (D:7)
  4 electric eels (D:9)
  A jelly (D:5)
  8 orc priests
  2 gnoll boudas
  3 hounds
  An iguana (D:6)
  2 sleepcaps
  7 orc wizards
  13 gnolls
  4 adders
  8 ufetubi
  A worm (D:3)
  2 dart slugs (D:4)
  47 orcs
  7 ball pythons
  5 endoplasms
  2 giant cockroaches (D:3)
  7 hobgoblins
  2 jackals (D:1)
  2 quokkas
  12 bats
  4 frilled lizards (D:1)
  11 goblins
  27 kobolds
  5 rats
286 creatures vanquished.

Notes
Turn   | Place    | Note
-------+----------+-------------------------------------------
     0 | D:1      | Lobster4 the Minotaur Hunter began the quest for the Orb.
     0 | D:1      | Reached XP level 1. HP: 18/18 MP: 0/0
   185 | D:1      | Reached skill level 1 in Stealth
   269 | D:1      | Reached XP level 2. HP: 25/25 MP: 1/1
   800 | D:2      | Reached skill level 1 in Armour
  1087 | D:2      | Found Orynuv's Weapon Shop.
  1107 | D:2      | Identified the +11 spear "Unoi" {heavy, rElec MP+9}
  1486 | D:3      | Reached XP level 3. HP: 30/30 MP: 2/2
  1595 | D:3      | Found a radiant altar of Vehumet.
  1604 | D:3      | Reached skill level 5 in Ranged Weapons
  1788 | D:3      | Reached skill level 1 in Polearms
  1788 | D:3      | Reached XP level 4. HP: 38/38 MP: 3/3
  2112 | D:3      | Found a glowing golden altar of the Shining One.
  2525 | D:4      | Noticed a scorpion
  2532 | D:4      | Killed a scorpion
  2533 | D:4      | Reached XP level 5. HP: 39/46 MP: 3/4
  2729 | D:4      | Reached XP level 6. HP: 20/52 MP: 5/5
  3027 | D:4      | Found a burning altar of Makhleb.
  3027 | D:4      | Noticed Menkaure
  3036 | D:4      | Killed Menkaure
  3711 | D:5      | Entered Level 5 of the Dungeon
  3847 | D:5      | Reached XP level 7. HP: 56/60 MP: 5/6
  4126 | D:5      | Found a staircase to the Ecumenical Temple.
  4131 | Temple   | Entered the Ecumenical Temple
  4150 | Temple   | Became a worshipper of Fedhas Madash
  4519 | D:5      | Reached skill level 5 in Fighting
  4591 | D:5      | Reached skill level 1 in Invocations
  4986 | D:6      | Found a sparkling altar of Nemelex Xobeh.
  5178 | D:6      | Noticed a cyclops
  5189 | D:6      | Killed a cyclops
  5190 | D:6      | Reached skill level 5 in Polearms
  5190 | D:6      | Reached skill level 5 in Armour
  5190 | D:6      | Reached XP level 8. HP: 70/70 MP: 9/9
  5226 | D:6      | Reached * piety under Fedhas
  5411 | D:6      | Found a hazy altar of Hepliaklqana.
  5522 | D:6      | Identified a scroll of acquirement
  5522 | D:6      | Acquired the +4 skin of Zhor {*Englaciate rC+++ SInv}
  5522 | D:6      | Found the +4 skin of Zhor {*Englaciate rC+++ SInv}
  5995 | D:7      | Reached XP level 9. HP: 78/78 MP: 5/10
  6429 | D:7      | Reached skill level 1 in Spellcasting
  6843 | D:7      | Reached ** piety under Fedhas
  6959 | D:8      | Found a shimmering blue altar of Sif Muna.
  7010 | D:8      | Found a broken altar of Ashenzari.
  7066 | D:8      | Reached skill level 5 in Dodging
  8272 | D:9      | Reached *** piety under Fedhas
  8429 | D:9      | Reached XP level 10. HP: 79/88 MP: 12/12
  8551 | D:9      | You fall into a shaft and drop 1 floor!
  8551 | D:10     | Entered Level 10 of the Dungeon
  8588 | D:10     | Found a white marble altar of Elyvilon.
  8593 | D:10     | Paralysed by a hornet for 1 turns
  8604 | D:10     | Reached skill level 1 in Shapeshifting
  8648 | D:10     | Found a flagged portal.
  8660 | Bailey   | Entered a bailey
  8925 | Bailey   | Noticed an orc knight
  9011 | Bailey   | Reached skill level 5 in Invocations
  9179 | Bailey   | Killed an orc knight
  9223 | Bailey   | Identified the +2 cloak of Failure {Dex+3}
  9345 | D:10     | Reached **** piety under Fedhas
  9439 | D:10     | Found a stormy altar of Qazlal.
  9451 | D:10     | Found a large runed translucent door.
  9451 | D:10     | Found a large runed translucent door.
  9453 | D:10     | Noticed LeprechaunX's ghost (journeyman OpSh)
 10047 | D:9      | Noticed a two-headed ogre
 10247 | D:9      | Killed a two-headed ogre
 10248 | D:9      | Reached XP level 11. HP: 75/95 MP: 14/14
 10360 | D:9      | Noticed Maggie
 10368 | D:9      | Killed Maggie
 11545 | D:11     | Found a staircase to the Lair.
 11901 | D:11     | Noticed a two-headed ogre
 11922 | D:11     | Killed a two-headed ogre
 11972 | D:11     | Found a staircase to the Orcish Mines.
 12582 | D:14     | Identified the of Orot Rue
 12582 | Orc:1    | Entered Level 1 of the Orcish Mines
 12785 | Orc:1    | Noticed Erolcha
 12818 | Lair:1   | Entered Level 1 of the Lair of Beasts
 12906 | Orc:1    | Killed Erolcha
 12982 | Orc:1    | Reached ***** piety under Fedhas
 13251 | Orc:1    | Noticed an orc knight
 13281 | Orc:1    | Slain by an orc warrior

Illustrated notes

Levels and vault maps discovered:
D:1:      minmay_arrival_doors, layout_loops_corners,
          chequers_serial_rivers_room_b, minmay_tromino_i4
D:2:      layout_rooms, serial_shops, nicolae_shop_bloodbath_and_beyond,
          mrwooster_statue_mirror, st_stairs_14, dk_noncrumbling_2,
          chequers_mini_garden
D:3:      layout_loops_cross, nicolae_vehumet_radiance,
          nicolae_overflow_hidden_temple, kennysheep_another_room
D:4:      minmay_inner_zag, layout_loops_corners,
          mainiacjoe_overflow_small_starburst, roderic_batcave, uniq_menkaure
D:5:      layout_loops_corners, temple_doors_e
D:6:      layout_loops_ring, general_overflow_altar, old_standard_altar,
          dk_noncrumbling_4, glass_columns_c
D:7:      minmay_recursive_quarters, layout_loops_ring, minmay_misc_feat_rugged
D:8:      layout_loops_ring, nicolae_sif_muna_condensation, lemuel_round_altar
D:9:      layout_basic, uniq_maggie
D:10:     layout_cave_pods, mainiacjoe_overflow_cross_hatched, elyvilon_altar_3,
          enter_bailey_3, ebering_ghost_disaster_area,
          nicolae_straight_to_the_point
D:11:     layout_gridville, minmay_lair_entry_grove
Temple:   oiseaux_autumnal_temple
Lair:1:   layout_roguey
Orc:1:    layout_diamond_mine, basic_altar, gammafunk_ghost_split,
          minmay_orc_temple_b, uniq_erolcha

Skill      XL: |  1  2  3  4  5  6  7  8  9 10 11 |
---------------+----------------------------------+-----
Stealth        | 1 |  1.0
Armour         | 1 2 3 5 6 7 9 |  9.1
Fighting       | 3 4 6 7 8 9 |  9.9
Ranged Weapons | 5 6 7 8 9 |  9.9
Polearms       | 1 2 3 5 6 7 8 9 |  9.5
Dodging        | 3 4 5 6 8 |  8.1
Invocations    | 2 3 4 5 6 |  6.0
Spellcasting   | 2 |  2.0
Shapeshifting  | 2 3 |  3.0
Evocations     | |  0.2

Action                     |  1- 3 |  4- 6 |  7- 9 | 10-12 || total
---------------------------+-------+-------+-------+-------++-------
  Melee: Spear             |    17 |    79 |   122 |   194 ||   412
         Headbutt          |     1 |     8 |    18 |    24 ||    51
         Punch             |       |       |     3 |       ||     3
   Fire: Shortbow          |    61 |    18 |   175 |   330 ||   584
  Throw: Dart              |       |       |     2 |    31 ||    33
         Throwing net      |       |       |     1 |       ||     1
    Use: Scroll            |       |     4 |    15 |     8 ||    27
         Potion            |       |     1 |     1 |     6 ||     8
   Stab: Sleeping          |     1 |     1 |     1 |       ||     3
         Held in net/web   |       |       |     2 |       ||     2
         Distracted        |       |       |     1 |       ||     1
 Armour: Leather armour    |    12 |       |       |       ||    12
         Ring mail         |     3 |    50 |    28 |       ||    81
         Animal skin       |       |       |    50 |   107 ||   157
         Skin              |       |       |       |    22 ||    22
  Dodge: Dodged            |    20 |    38 |    98 |   126 ||   282

Table legend: (Time is in decaauts)
 A = Elapsed time spent in this place.
 B = Non-inter-level travel time spent in this place.
 C = Inter-level travel time spent in this place.
 D = Time resting spent in this place.
 E = Time spent auto-exploring this place.
 F = Levels seen in this place.
 G = Mean time per level.
                   A        B        C        D        E       F      G
               +--------+--------+--------+--------+--------+-----+--------+
         Total |  13386 |  12989 |    397 |   1342 |   9259 |  15 |  892.4 |
       Dungeon |  12056 |  11703 |    353 |   1011 |   8858 |  11 | 1096.0 |
        Temple |     38 |      2 |     36 |      0 |      0 |   1 |   38.0 |
          Lair |     35 |     27 |      8 |      0 |     13 |   1 |   35.0 |
  Orcish Mines |    609 |    609 |      0 |    129 |    252 |   1 |  609.0 |
        Bailey |    646 |    646 |      0 |    202 |    136 |   1 |  646.0 |
               +--------+--------+--------+--------+--------+-----+--------+

Top non-repeatable levels by time:
     D:4: 1566 daAuts
     D:8: 1406 daAuts
    D:11: 1276 daAuts
     D:9: 1273 daAuts
    D:10: 1126 daAuts
     D:7: 1110 daAuts
     D:5: 1073 daAuts
     D:6: 1005 daAuts
     D:3: 779 daAuts
     D:1: 752 daAuts
     D:2: 685 daAuts
  Bailey: 646 daAuts
   Orc:1: 609 daAuts
  Temple: 38 daAuts
  Lair:1: 35 daAuts
